[Event "Team 45 45 League T49"]
[Site "Internet Chess Club"]
[Date "2011.05.27"]
[Round "3"]
[White "Grenadier"]
[Black "Hal2001"]
[Result "1/2-1/2"]
[WhiteElo "1794"]
[BlackElo "1712"]
[Opening "Sicilian: closed, Smyslov variation"]
[ECO "B24"]
[Time "21:03:21"]
[TimeControl "2700+45"]

1. e4 c5 2. Nc3 g6 3. g3 Bg7 4. Bg2 Nc6 5. d3 e6 6. Be3 Nd4 7. Nce2 d5 8. c3
Nxe2 9. Nxe2 d4 10. cxd4 Qa5+ 11. Bd2 Qb5 12. Bc3 Nf6 13. O-O O-O 14. Rc1 Rd8
15. a4 Qa6 16. Qc2 cxd4 17. Bxd4 Bd7 18. b3 Bc6 19. Rfd1 Rac8 20. Qb2 Ne8 21.
Rc4 b5 22. axb5 Bxb5 23. Rxc8 Qxc8 24. Bxg7 Nxg7 25. d4 Qb7 26. d5 Bxe2 27. Qxe2
Qxb3 28. d6 e5 29. Qd3 Qxd3 30. Rxd3 Ne8 31. d7 Nf6 32. Bh3 Nxe4 33. Bg2 Nc5 34.
Ra3 Rxd7 35. Ra5 Rc7 36. Kf1 f6 37. Ke2 Kf7 38. h4 h6 39. Ke3 Nb3 40. Bd5+ Ke7
41. Bxb3 Rc3+ 42. Kd2 Rxb3 43. Rxa7+ Ke6 44. Ra6+ Kf5 45. Ke2 Rb2+ 46. Ke3 Rb3+
47. Ke2 e4 48. Rc6 Rd3 49. Rb6 Ke5 50. Rb5+ Rd5 51. Rb6 g5 52. hxg5 hxg5 53. f4+
exf3+ 54. Kxf3 Rd3+ 55. Kf2 f5 56. Rb5+ Ke4 57. Rb4+ Rd4 58. Rb5 Rd2+ 59. Kg1 g4
60. Kf1 Rd3 61. Kf2 Rf3+ 62. Kg2 Rd3 63. Rb4+ Rd4 64. Rb5 Rd2+ 65. Kf1 Kf3 66.
Rb3+ Ke4 67. Rb4+ Rd4 68. Rb5 f4 69. gxf4 Kxf4 70. Rb3 Re4 71. Kf2 {Game drawn
by mutual agreement} 1/2-1/2

[Event "Team 45 45 League T49"]
[Site "Internet Chess Club"]
[Date "2011.05.30"]
[Round "3"]
[White "rahulr"]
[Black "GoIrish"]
[Result "0-1"]
[WhiteElo "1611"]
[BlackElo "1584"]
[Opening "Réti: King's Indian attack"]
[ECO "A05"]
[Time "20:34:23"]
[TimeControl "2700+45"]

1. Nf3 Nf6 2. g3 g6 3. Bg2 Bg7 4. O-O O-O 5. d3 d6 6. e4 c5 7. e5 dxe5 8. Nxe5
Nbd7 9. Re1 Nxe5 10. Rxe5 Nd7 11. Re2 Rb8 12. Nc3 a6 13. Qe1 Re8 14. Bf4 e5 15.
Be3 b6 16. Ne4 Nf6 17. Bg5 Bb7 18. Nxf6+ Bxf6 19. Bxf6 Qxf6 20. Bxb7 Rxb7 21. f4
Rbe7 22. Qc3 Qd6 23. fxe5 Rxe5 24. Rxe5 Rxe5 25. Rf1 Qd4+ 26. Qxd4 cxd4 27. Rf2
f5 28. Kf1 Kf7 29. Re2 Kf6 30. Kf2 g5 31. Rxe5 Kxe5 32. h3 h5 33. c4 f4 34.
gxf4+ Kxf4 35. b4 g4 36. hxg4 hxg4 37. c5 bxc5 38. bxc5 Ke5 39. Kg3 Kd5 40. Kxg4
Kxc5 41. a3 Kb5 42. Kf4 Ka4 43. Ke4 Kxa3 44. Kxd4 Kb3 45. Kc5 a5 46. Kb5 a4 47.
d4 a3 48. d5 a2 49. Kc6 a1=Q 50. d6 Qc3+ 51. Kd5 Qc8 52. Ke5 Kc4 53. Kf6 Qd7 54.
Ke5 Kc5 55. Kf6 Qxd6+ 56. Kf7 Qe5 57. Kg8 Qf6 58. Kh7 Kd6 59. Kg8 Ke7 60. Kh7
Qg5 61. Kh8 Kf7 62. Kh7 Qg7# {White checkmated} 0-1

[Event "Team 45 45 League T49"]
[Site "Internet Chess Club"]
[Date "2011.05.28"]
[Round "3"]
[White "UsuallySleepy"]
[Black "charles-allen"]
[Result "1/2-1/2"]
[WhiteElo "1884"]
[BlackElo "1878"]
[Opening "Petrov: classical attack"]
[ECO "C42"]
[Time "21:03:47"]
[TimeControl "2700+45"]

1. e4 e5 2. Nf3 Nf6 3. Nxe5 d6 4. Nf3 Nxe4 5. d4 d5 6. Bd3 Be7 7. O-O Bf5 8. Re1
Nc6 9. c4 Nb4 10. Bf1 O-O 11. a3 Nc6 12. Nc3 Nxc3 13. bxc3 dxc4 14. Bxc4 Qd7 15.
Bf4 Bd6 16. Ne5 Nxe5 17. Bxe5 Bxe5 18. Rxe5 Rae8 19. Qe2 Rxe5 20. Qxe5 Re8 21.
Qd5 Qxd5 22. Bxd5 b6 23. Bc4 g6 24. Bb5 Re6 25. a4 a5 26. Kf1 Kg7 27. Rd1 Bc2
28. Rd2 Bb3 29. Rb2 Bd5 30. g3 Kf6 31. Re2 Bf3 32. Rxe6+ Kxe6 33. Ke1 Kd6 34.
Kd2 Bc6 35. Bxc6 Kxc6 36. c4 Kd6 37. Ke3 c6 38. h4 f5 39. f3 h5 40. f4 {Game
drawn by mutual agreement} 1/2-1/2

[Event "Team 45 45 League T49"]
[Site "Internet Chess Club"]
[Date "2011.05.27"]
[Round "3"]
[White "flyingpawns"]
[Black "kabindra"]
[Result "1-0"]
[WhiteElo "1705"]
[BlackElo "1833"]
[Opening "King's Indian: Petrosian system"]
[ECO "E92"]
[Time "11:01:10"]
[TimeControl "2700+45"]

1. d4 Nf6 2. c4 g6 3. Nc3 Bg7 4. Nf3 O-O 5. e4 d6 6. Be2 e5 7. d5 Na6 8. Qc2 c6
9. a3 Nc7 10. b4 a5 11. bxa5 Rxa5 12. O-O cxd5 13. cxd5 Bd7 14. h3 b5 15. Be3
Na6 16. Rfb1 Nc5 17. Bxc5 dxc5 18. Bxb5 Bxb5 19. Rxb5 c4 20. Nd2 Rxb5 21. Nxb5
Qa5 22. a4 Rc8 23. Nd6 Rc7 24. N6xc4 Qc5 25. Qd3 Nh5 26. g3 f5 27. d6 Rd7 28.
Qd5+ Qxd5 29. exd5 e4 30. Rb1 Bd4 31. Kg2 Nf6 32. Rb8+ Kg7 33. Nb3 Ba7 34. Rb5
Ne8 35. Nba5 Kf6 36. Rb7 Rxb7 37. Nxb7 Ng7 38. d7 {Black resigns} 1-0

[Event "Team 45 45 League T49"]
[Site "Internet Chess Club"]
[Date "2011.05.30"]
[Round "3"]
[White "vaknight"]
[Black "j65536d"]
[Result "1-0"]
[WhiteElo "1759"]
[BlackElo "1757"]
[Opening "Bird's opening"]
[ECO "A03"]
[Time "14:00:18"]
[TimeControl "2700+45"]

1. f4 d5 2. b3 c5 3. Bb2 Nc6 4. Nf3 f6 5. e3 Bf5 6. Nh4 Bd7 7. Qh5+ g6 8. Nxg6
Be6 9. Nxh8+ Kd7 10. f5 Bxf5 11. Qxf5+ e6 12. Qxh7+ Be7 13. Ng6 Nb4 14. Bb5+ Kc7
15. Na3 a6 16. Be2 Qd6 17. Nxe7 Nxe7 18. Bxf6 Re8 19. Bh5 {Black resigns} 1-0

[Event "Team 45 45 League T49"]
[Site "Internet Chess Club"]
[Date "2011.05.29"]
[Round "3"]
[White "BraafPaard"]
[Black "CheeryCherry"]
[Result "0-1"]
[WhiteElo "1552"]
[BlackElo "1523"]
[Opening "KGD: classical variation"]
[ECO "C30"]
[Time "10:31:09"]
[TimeControl "2700+45"]

1. e4 e5 2. f4 Bc5 3. Nf3 d6 4. f5 Nc6 5. Bb5 Nf6 6. Nc3 Bb4 7. d3 h6 8. O-O O-O
9. Bxc6 bxc6 10. a3 Ba5 11. b4 Bb6+ 12. Kh1 Re8 13. Qe1 d5 14. Qg3 Nh5 15. Qh3
Nf4 16. Qg4 g5 17. g3 dxe4 18. dxe4 Ng6 19. Qh5 Kg7 20. Nxg5 hxg5 21. fxg6 fxg6
22. Qxg5 Qxg5 23. Bxg5 Bd4 24. Bd2 Bh3 25. Rfe1 Rf8 26. Rab1 Rf2 {White resigns}
0-1

[Event "Team 45 45 League T49"]
[Site "Internet Chess Club"]
[Date "2011.05.31"]
[Round "3"]
[White "Uragon-bocho"]
[Black "imgr8"]
[Result "0-1"]
[WhiteElo "1972"]
[BlackElo "2081"]
[Opening "Queen's pawn game"]
[ECO "D02"]
[Time "16:51:37"]
[TimeControl "2700+45"]

1. d4 d5 2. Nf3 e6 3. e3 c5 4. c4 Nf6 5. Nc3 Nc6 6. Be2 Be7 7. O-O O-O 8. a3 Ne4
9. Qc2 Nxc3 10. bxc3 dxc4 11. Bxc4 Na5 12. Be2 c4 13. Rb1 a6 14. e4 b5 15. Rd1
Nb3 16. d5 exd5 17. exd5 Bd6 18. Nd4 Nxd4 19. Rxd4 Bc5 20. Rd1 Qf6 21. Bf3 Bf5
22. Be4 Bxe4 23. Qxe4 Qxf2+ 24. Kh1 Rae8 25. Be3 Qxe3 26. Qxe3 {White resigns}
0-1

[Event "Team 45 45 League T49"]
[Site "Internet Chess Club"]
[Date "2011.05.30"]
[Round "3"]
[White "snottgoblin"]
[Black "gwolff"]
[Result "1-0"]
[WhiteElo "2008"]
[BlackElo "1935"]
[Opening "English: Caro-Kann defensive system"]
[ECO "A11"]
[Time "02:39:41"]
[TimeControl "2700+45"]

1. c4 c6 2. g3 d5 3. Bg2 Nf6 4. Nf3 Bg4 5. Qc2 e6 6. b3 Nbd7 7. Bb2 Qb6 8. O-O
Bf5 9. d3 Bc5 10. Nbd2 O-O 11. e4 dxe4 12. dxe4 Bg6 13. Rad1 Ng4 14. Nb1 Bxf2+
15. Rxf2 Bxe4 16. Qe2 Rad8 17. Bd4 c5 18. Bb2 Nxf2 19. Kxf2 Bxb1 20. Rxb1 Rfe8
21. Bc3 Qc7 22. Re1 f6 23. Qe4 Nf8 24. Re2 Rd6 25. Qg4 Ng6 26. h4 Rd3 27. Bb2 e5
28. h5 Nf8 29. Nh4 Kh8 30. Be4 Qd7 31. Nf5 Rd2 32. Bc3 Rxe2+ 33. Kxe2 Rd8 34.
Bc2 g6 35. hxg6 hxg6 36. Qh4+ Nh7 37. Ne3 Kg7 38. Nd5 Ng5 39. Nxf6 Kxf6 40. Qf4+
Qf5 41. Bxf5 {Black resigns} 1-0

[Event "Team 45 45 League T49"]
[Site "Internet Chess Club"]
[Date "2011.05.30"]
[Round "3"]
[White "AntonioMendonca"]
[Black "irock"]
[Result "0-1"]
[WhiteElo "1523"]
[BlackElo "1808"]
[Opening "Sicilian defense"]
[ECO "B20"]
[Time "19:18:01"]
[TimeControl "2700+45"]

1. e4 c5 2. b3 Nc6 3. Bb2 e5 4. Bc4 g6 5. f4 d6 6. d3 Nge7 7. Nf3 Bg7 8. O-O O-O
9. fxe5 Nxe5 10. Nxe5 dxe5 11. Bxe5 Bxe5 {White resigns} 0-1

[Event "Team 45 45 League T49"]
[Site "Internet Chess Club"]
[Date "2011.05.28"]
[Round "3"]
[White "QueensCounselor"]
[Black "Terte"]
[Result "1-0"]
[WhiteElo "2168"]
[BlackElo "1986"]
[Opening "King's Indian: orthodox, Aronin-Taimanov, 9.Ne1"]
[ECO "E98"]
[Time "11:10:38"]
[TimeControl "2700+45"]

1. d4 Nf6 2. c4 g6 3. Nc3 Bg7 4. e4 d6 5. Nf3 O-O 6. Be2 e5 7. O-O Nc6 8. d5 Ne7
9. Ne1 Ne8 10. Be3 f5 11. f3 Nf6 12. a4 f4 13. Bf2 g5 14. a5 Ng6 15. c5 Rf7 16.
cxd6 cxd6 17. Nb5 a6 18. Bb6 Qe7 19. Nc7 Rb8 20. Rc1 Bd7 21. h3 h5 22. Ne6 Ne8
23. Qb3 Nf8 24. Nxf8 Bxf8 25. Nd3 g4 26. Ba7 gxh3 27. Bxb8 Rg7 28. Rf2 Qh4 29.
Bf1 Bb5 30. Rcc2 Nf6 31. Ba7 Nh7 32. Ne1 Bd7 33. Qxb7 Ng5 34. Qb3 Qg3 35. Qc3 h4
36. Bb6 hxg2 37. Rxg2 Qh3 38. Bd8 Nf7 39. Rxg7+ Bxg7 40. Bxh3 {Black resigns}
1-0

[Event "Team 45 45 League T49"]
[Site "Internet Chess Club"]
[Date "2011.05.28"]
[Round "3"]
[White "Pason"]
[Black "fledermaus"]
[Result "0-1"]
[WhiteElo "2035"]
[BlackElo "1981"]
[Opening "QGD: 4.Nf3"]
[ECO "D37"]
[Time "14:03:47"]
[TimeControl "2700+45"]

1. d4 d5 2. Nf3 Nf6 3. c4 e6 4. Nc3 Nbd7 5. Bf4 dxc4 6. e3 Nd5 7. Bxc4 Bb4 8.
Bxd5 exd5 9. Qb3 Bxc3+ 10. Qxc3 c6 11. Bd6 Nb6 12. Bb4 f6 13. O-O Kf7 14. Qd3
Be6 15. b3 Qd7 16. Rac1 Bf5 17. Qe2 Bg4 18. h3 Bxf3 19. Qxf3 Rhe8 20. Rfd1 Re4
21. Bd2 Rae8 22. a4 Nc8 23. Rc2 Kg8 24. Rdc1 a6 25. Qg3 Nd6 26. f3 R4e6 27. Qf2
Nf5 28. Re1 Qe7 29. Rcc1 Nxe3 30. g4 f5 31. Rc3 f4 32. Qh2 Qf6 33. Rd3 g5 34.
Bxe3 fxe3 35. Qe2 Qf4 36. Kg2 Kg7 37. Rc1 h5 38. Rg1 h4 39. Kh1 Rf6 40. Rf1 Qg3
41. Qg2 e2 {White resigns} 0-1

[Event "Team 45 45 League T49"]
[Site "Internet Chess Club"]
[Date "2011.05.27"]
[Round "3"]
[White "dinin"]
[Black "poni"]
[Result "1-0"]
[WhiteElo "1932"]
[BlackElo "1949"]
[Opening "Pirc defense"]
[ECO "B07"]
[Time "12:01:37"]
[TimeControl "2700+45"]

1. e4 d6 2. d4 Nf6 3. Nc3 e5 4. d5 Be7 5. f3 Nh5 6. Be3 Bg5 7. Qd2 Bxe3 8. Qxe3
c6 9. O-O-O O-O 10. Nge2 Qc7 11. g4 Nf6 12. h4 Na6 13. h5 cxd5 14. exd5 Bd7 15.
g5 Ne8 16. Ng3 b5 17. Bd3 Nb4 18. Bxh7+ Kxh7 19. Qe4+ Kg8 20. Qxb4 a5 21. Qe4 b4
22. Nce2 Rc8 23. Nf5 Bxf5 24. Qxf5 Qc4 25. g6 Nf6 26. h6 e4 27. Nd4 Qxd5 28.
hxg7 Kxg7 29. Rh7+ Kg8 30. Qxf6 {Black resigns} 1-0

[Event "Team 45 45 League T49"]
[Site "Internet Chess Club"]
[Date "2011.05.27"]
[Round "3"]
[White "koni"]
[Black "fishhead"]
[Result "0-1"]
[WhiteElo "1919"]
[BlackElo "1922"]
[Opening "Blackmar-Diemer gambit"]
[ECO "B02"]
[Time "13:00:27"]
[TimeControl "2700+45"]

1. e4 Nf6 2. Nc3 d5 3. d4 dxe4 4. f3 exf3 5. Nxf3 Bg4 6. h3 Bh5 7. g4 Bg6 8. Ne5
Nbd7 9. Qf3 c6 10. Nxg6 hxg6 11. g5 Nh5 12. Bc4 e6 13. Rf1 Qe7 14. Bd2 f5 15.
O-O-O e5 16. dxe5 Nxe5 17. Rde1 Nxf3 18. Rxe7+ Bxe7 19. Rxf3 O-O-O 20. Bf7 Rd6
21. Be3 Rf8 22. Bb3 b6 23. h4 Bd8 24. Ne2 Bc7 25. Bg1 Re8 26. Re3 Rdd8 27. Bf7
Rxe3 28. Bxe3 f4 29. Bf2 f3 30. Nc3 Nf4 31. b3 Ne2+ 32. Kb2 Be5 33. Be1 f2
{White resigns} 0-1

[Event "Team 45 45 League T49"]
[Site "Internet Chess Club"]
[Date "2011.05.27"]
[Round "3"]
[White "randallsr"]
[Black "SugarIslander"]
[Result "0-1"]
[WhiteElo "1763"]
[BlackElo "1681"]
[Opening "Réti: advance variation"]
[ECO "A09"]
[Time "15:05:17"]
[TimeControl "2700+45"]

1. Nf3 d5 2. c4 d4 3. e3 dxe3 4. fxe3 Nf6 5. h3 Nc6 6. d4 e6 7. Bd2 Ne4 8. Nc3
Nxd2 9. Qxd2 Bb4 10. Bd3 O-O 11. O-O-O f5 12. Qc2 Bd6 13. a3 b6 14. Rhf1 Ne7 15.
g4 g6 16. Nb5 c6 17. Nxd6 Qxd6 18. Ne5 c5 19. Be2 Bb7 20. Qc3 cxd4 21. Qxd4 Qxd4
22. Rxd4 Nc6 23. Nxc6 Bxc6 24. Rfd1 Rac8 25. Rd6 Rfe8 26. b4 Kf7 27. b5 Bxb5 28.
Kb2 Bxc4 29. Bxc4 Rxc4 30. g5 Rh4 31. Rd7+ Re7 32. Rd8 e5 33. Ra8 Rxh3 34. Rdd8
Rxe3 35. Rd6 Rg3 36. Rh8 Kg7 37. Rdd8 Rxg5 38. Rdf8 e4 39. Rhg8+ Kh6 40. Rd8 e3
41. Rd1 e2 42. Re1 f4 43. Rh1+ Rh5 44. Re1 f3 45. Rf8 Rf5 {White resigns} 0-1

[Event "Team 45 45 League T49"]
[Site "Internet Chess Club"]
[Date "2011.05.29"]
[Round "3"]
[White "oldsj"]
[Black "Signalman"]
[Result "0-1"]
[WhiteElo "1609"]
[BlackElo "1584"]
[Opening "Ruy Lopez: modern Steinitz defense, 5.O-O"]
[ECO "C72"]
[Time "12:31:17"]
[TimeControl "2700+45"]

1. e4 e5 2. Nf3 Nc6 3. Bb5 a6 4. Ba4 d6 5. O-O Bd7 6. c3 Nge7 7. d4 Ng6 8. Re1
Be7 9. Nbd2 h6 10. Nf1 Bg5 11. d5 Nb8 12. Nxg5 hxg5 13. Bc2 Qf6 14. Ne3 Nf4 15.
Ng4 Bxg4 16. Qxg4 Nd7 17. Be3 Rh4 18. Qg3 O-O-O 19. f3 Rdh8 20. h3 Nxh3+ 21. Kf1
Nf4 22. Bxf4 exf4 23. Qf2 g4 24. Qa7 Rh1+ 25. Ke2 gxf3+ 26. gxf3 R8h2+ 27. Kd1
Rxe1+ 28. Kxe1 Qh4+ 29. Kd1 Rg2 30. Kc1 Qe1+ 31. Bd1 Qd2+ {White resigns} 0-1

[Event "Team 45 45 League T49"]
[Site "Internet Chess Club"]
[Date "2011.05.30"]
[Round "3"]
[White "chrisgianno"]
[Black "rom1"]
[Result "1-0"]
[WhiteElo "1551"]
[BlackElo "1546"]
[Opening "King's Indian: Torre attack"]
[ECO "A48"]
[Time "14:05:46"]
[TimeControl "2700+45"]

1. d4 Nf6 2. Nf3 g6 3. Bg5 Bg7 4. Nbd2 d5 5. c4 O-O 6. cxd5 Nxd5 7. e4 Nb4 8. a3
N4c6 9. d5 Ne5 10. Qc2 c6 11. dxc6 Nbxc6 12. Rd1 Qb6 13. Nxe5 Bxe5 14. Nc4 Nd4
15. Qc3 Qc7 16. Rxd4 Bxd4 17. Qxd4 Be6 18. Bh6 f6 19. Bxf8 Kxf8 20. Qc3 Rc8 21.
Ne3 Qd6 22. Qd2 Qe5 23. Be2 Qxe4 24. O-O Bb3 25. Bf3 {Black resigns} 1-0

[Event "Team 45 45 League T49"]
[Site "Internet Chess Club"]
[Date "2011.05.31"]
[Round "3"]
[White "stan-beers"]
[Black "werty"]
[Result "0-1"]
[WhiteElo "1455"]
[BlackElo "1574"]
[Opening "Queen's pawn game"]
[ECO "D02"]
[Time "08:00:22"]
[TimeControl "2700+45"]

1. Nf3 d5 2. d4 f5 3. g3 Nf6 4. Bg2 c6 5. O-O g6 6. Bf4 Bg7 7. c3 O-O 8. Nbd2
Nbd7 9. h4 Ne4 10. Ng5 Nxg5 11. hxg5 e5 12. dxe5 Nxe5 13. Nf3 Nxf3+ 14. Bxf3 Re8
15. Qc2 Be6 16. Rad1 Qe7 17. Qd2 Rad8 18. e3 a6 19. b3 b5 20. Qc2 Qb7 21. Rfe1
Rd7 22. Bg2 Rdd8 23. Kh2 Qe7 24. Rd2 Rd7 25. Rde2 Rdd8 26. f3 Rd7 27. e4 fxe4
28. fxe4 Bg4 29. Bh3 Bxe2 30. Bxd7 Qxd7 31. Rxe2 dxe4 32. Rxe4 Rxe4 33. Qxe4
Bxc3 34. Qf3 Bg7 35. Qe4 Kf7 36. Qf3 Kg8 37. Qe4 Kf7 38. Qc2 Qe6 39. Qd3 Qd5 40.
Qc2 Qe6 41. Qf2 Kg8 42. Kg2 Qe4+ 43. Kh3 Qe6+ 44. Kh4 Kf7 45. Qa7+ Kf8 46. Qxa6
Be5 47. Bxe5 Qxe5 48. Qxc6 Qd4+ 49. Kh3 Qe5 50. Qf6+ Qxf6 51. gxf6 b4 52. Kg4
Kf7 53. Kg5 h5 54. g4 hxg4 55. Kxg4 Kxf6 56. Kf4 g5+ 57. Kg4 Ke5 58. Kxg5 Kd4
59. Kf4 Kc3 60. Ke3 Kb2 61. Kd2 Kxa2 62. Kc2 Ka3 63. Kb1 Kxb3 64. Ka1 Kc2 65.
Ka2 b3+ {White resigns} 0-1

[Event "Team 45 45 League T49"]
[Site "Internet Chess Club"]
[Date "2011.05.27"]
[Round "3"]
[White "civilization"]
[Black "mmf00"]
[Result "1/2-1/2"]
[WhiteElo "1751"]
[BlackElo "1863"]
[Opening "Sicilian: Alapin's variation (2.c3)"]
[ECO "B22"]
[Time "16:04:50"]
[TimeControl "2700+45"]

1. e4 c5 2. c3 Nf6 3. e5 Nd5 4. d4 cxd4 5. Nf3 Nc6 6. cxd4 d6 7. Bc4 Nb6 8. Bb3
d5 9. Nc3 Bg4 10. Be3 e6 11. h3 Bh5 12. O-O Be7 13. Bc2 O-O 14. Qd3 Bg6 15. Qe2
Qd7 16. Bxg6 fxg6 17. Rfc1 Nc8 18. Qd2 Rxf3 19. gxf3 Bd8 20. Ne2 Bb6 21. a4 a6
22. a5 Ba7 23. b4 N8e7 24. Ng3 Rf8 25. Kg2 Nf5 26. Nxf5 Rxf5 27. Rab1 Qf7 28. f4
Rh5 29. Rh1 Ne7 30. Rbc1 Nc6 31. f3 h6 32. Kf2 Rf5 33. h4 Rh5 34. Rcg1 Kh7 35.
Rb1 Ne7 36. b5 Nf5 37. bxa6 bxa6 38. Qd3 Nxe3 39. Kxe3 Rf5 40. Qxa6 Rxf4 41. Ke2
Bxd4 42. Qd3 h5 43. Rb4 Bxe5 44. Rxf4 Bxf4 45. a6 Qf6 46. Rg1 Qe5+ {Game drawn
by mutual agreement} 1/2-1/2

[Event "Team 45 45 League T49"]
[Site "Internet Chess Club"]
[Date "2011.05.31"]
[Round "3"]
[White "dinosaurs01"]
[Black "Theodulf"]
[Result "0-1"]
[WhiteElo "1459"]
[BlackElo "1662"]
[Opening "Vienna gambit: Breyer variation"]
[ECO "C29"]
[Time "20:30:22"]
[TimeControl "2700+45"]

1. e4 e5 2. Nc3 Nf6 3. f4 d5 4. fxe5 Nxe4 5. Nf3 Be7 6. Ne2 O-O 7. d3 Ng5 8.
Bxg5 Bxg5 9. Nxg5 Qxg5 10. d4 c5 11. c3 Nc6 12. Qd2 Qh4+ 13. g3 Qe4 14. Rg1 cxd4
15. cxd4 Bg4 16. Bg2 Qxe2+ 17. Qxe2 Bxe2 18. Kxe2 Nxd4+ 19. Kd3 Nc6 20. Rge1
Rfe8 21. Rad1 Rad8 22. Kc2 d4 23. a3 Rxe5 24. Rxe5 Nxe5 25. Bxb7 f6 26. Be4 g6
27. Bg2 Ng4 28. Kb3 Ne3 29. Rd2 Nxg2 30. Rxg2 Kf7 31. Rd2 Ke6 32. Kc4 Ke5 33.
Re2+ Kf5 34. Kd3 h5 35. Re4 Rb8 36. b4 Rb6 37. Rf4+ Kg5 38. Rxd4 Ra6 39. Kc4
Rxa3 40. Rd2 f5 41. b5 h4 42. Kb4 Ra1 43. gxh4+ Kxh4 44. Kc5 Rc1+ 45. Kb4 g5 46.
Ra2 Rc7 47. Ka5 f4 48. Ka6 f3 49. Rf2 Rf7 50. Rxf3 Rxf3 51. Kxa7 Rb3 52. b6 Kh3
53. b7 Kxh2 54. b8=Q+ Rxb8 55. Kxb8 g4 {White resigns} 0-1

[Event "Team 45 45 League T49"]
[Site "Internet Chess Club"]
[Date "2011.05.30"]
[Round "3"]
[White "allanchs"]
[Black "amax1"]
[Result "0-1"]
[WhiteElo "1514"]
[BlackElo "1381"]
[Opening "Giuoco Pianissimo: Italian four knights variation"]
[ECO "C50"]
[Time "14:00:14"]
[TimeControl "2700+45"]

1. e4 e5 2. Nf3 Nc6 3. Bc4 Bc5 4. d3 Nf6 5. Nc3 d6 6. Be3 Bb6 7. h3 O-O 8. O-O
Be6 9. Bb3 Qd7 10. Ng5 h6 11. Nxe6 fxe6 12. Bxb6 axb6 13. f4 d5 14. exd5 exd5
15. fxe5 Nxe5 16. Qd2 c5 17. a3 c4 18. dxc4 dxc4 19. Qxd7 Nfxd7 20. Ba2 Rad8 21.
Rad1 Nc5 22. Rd5 Rxf1+ 23. Kxf1 Re8 24. Rd6 Ncd7 25. Rd4 Rc8 26. Nd5 Kf7 27. Ne3
b5 28. Nf5 Ke6 29. Nxg7+ Kf6 30. Nh5+ Kg5 31. Ng3 Rf8+ 32. Kg1 Rf4 33. Rd5 Kh4
34. Ne2 Rf7 35. Rxb5 Rg7 36. Rb4 Nf3+ 37. Kf2 Nde5 38. Bxc4 Nd2 39. Bd5+ Kg5 40.
Bxb7 Rf7+ 41. Ke1 Nec4 42. Bd5 Rf1# {White checkmated} 0-1

[Event "Team 45 45 League T49"]
[Site "Internet Chess Club"]
[Date "2011.05.28"]
[Round "3"]
[White "anna"]
[Black "matthewc"]
[Result "1-0"]
[WhiteElo "1374"]
[BlackElo "1341"]
[Opening "Sicilian defense"]
[ECO "B30"]
[Time "19:30:15"]
[TimeControl "2700+45"]

1. e4 c5 2. Nf3 Nc6 3. Bc4 d6 4. Nc3 a6 5. a4 Bg4 6. h3 Bxf3 7. Qxf3 Ne5 8. Qe2
Nxc4 9. Qxc4 Nf6 10. d4 cxd4 11. Qxd4 g6 12. O-O Bg7 13. Qd3 O-O 14. Bf4 Qc8 15.
e5 Nh5 16. Bg5 Bxe5 17. Bxe7 Nf4 18. Qf3 Re8 19. Bg5 Ne6 20. Bh6 Nd4 21. Qd3 Nf5
22. Be3 Qc6 23. Rfc1 Rac8 24. Ra3 Nh4 25. f3 Nf5 26. Bf2 Bg3 27. Bxg3 Nxg3 28.
Kh2 Nf5 29. Nd5 Re6 30. Rc3 Qe8 31. Rxc8 Qxc8 32. g4 Ng7 33. c4 Ne8 34. Qd4 Qc5
35. Qxc5 dxc5 36. Rc2 Nf6 37. Nf4 Re3 38. Kg2 h5 39. gxh5 Nxh5 40. Nxh5 gxh5 41.
Kf2 Re5 42. f4 Re4 43. Kf3 Re6 44. Rg2+ Rg6 45. Rxg6+ fxg6 46. h4 Kf7 47. Ke4
Ke6 48. Ke3 Kf5 49. Kf3 a5 50. Ke3 b6 51. Kf3 Ke6 52. Ke4 Kf6 53. Ke3 Kf5 54.
Kf3 Ke6 55. Ke4 Kf6 56. Ke3 Ke6 57. Ke4 Kd6 58. f5 Ke7 59. Ke5 Kf7 60. f6 g5 61.
hxg5 h4 62. Kf4 h3 63. Kg3 Kg6 64. Kxh3 Kh7 65. Kg4 Kg6 66. Kf4 Kf7 67. Kf5 Kf8
68. Ke6 Ke8 69. g6 Kf8 70. g7+ Kg8 71. Ke7 b5 72. f7+ Kxg7 73. f8=Q+ Kg6 74.
Qf6+ Kh5 75. Qg7 bxc4 76. Kf6 Kh4 77. Qg6 c3 78. bxc3 c4 79. Kf5 Kh3 80. Qg4+
Kh2 81. Kf4 Kh1 82. Kf3 Kh2 83. Qg2# {Black checkmated} 1-0

[Event "Team 45 45 League T49"]
[Site "Internet Chess Club"]
[Date "2011.05.26"]
[Round "3"]
[White "PJ"]
[Black "Ivio"]
[Result "1-0"]
[WhiteElo "1690"]
[BlackElo "1746"]
[Opening "French: Rubinstein variation"]
[ECO "C10"]
[Time "11:00:49"]
[TimeControl "2700+45"]

1. e4 e6 2. d4 d5 3. Nc3 dxe4 4. Nxe4 Nd7 5. Nf3 Ngf6 6. Bd3 Nxe4 7. Bxe4 Nf6 8.
Bg5 Be7 9. Bxf6 Bxf6 10. c3 O-O 11. Qc2 g6 12. h4 h5 13. Rh3 Rb8 14. Rg3 Qe7 15.
Ng5 e5 16. O-O-O exd4 17. Bxg6 fxg6 18. Qxg6+ Qg7 19. Qxh5 dxc3 20. Ne4 cxb2+
21. Kb1 Qxg3 22. Nxf6+ Rxf6 23. fxg3 Bf5+ 24. Kxb2 Rb6+ 25. Ka1 Rf8 26. Qg5+ Rg6
27. Qe3 Rb6 28. g4 Be6 29. Re1 Ra6 30. Qg5+ Kf7 31. Rf1+ Ke8 32. Rxf8+ Kxf8 33.
Qd8+ Kf7 34. Qxc7+ Kf6 35. Qf4+ Kg7 36. g5 Bxa2 37. Kb2 Bg8 38. g4 Rb6+ 39. Kc1
Rc6+ 40. Kd2 a6 41. h5 Rc4 42. h6+ Kh7 43. Qf5+ Kh8 44. Qf6+ Kh7 45. Qg7# {Black
checkmated} 1-0

[Event "Team 45 45 League T49"]
[Site "Internet Chess Club"]
[Date "2011.05.30"]
[Round "3"]
[White "Salvatore"]
[Black "ElMarginal"]
[Result "1-0"]
[WhiteElo "1587"]
[BlackElo "1569"]
[Opening "Queen's pawn: Chigorin variation"]
[ECO "D00"]
[Time "19:00:25"]
[TimeControl "2700+45"]

1. d4 d5 2. Nc3 c6 3. Bg5 Bf5 4. f3 h6 5. Bh4 Nd7 6. Qd2 Ngf6 7. O-O-O Qa5 8. e4
dxe4 9. fxe4 Bg6 10. Nf3 e6 11. Bd3 Bb4 12. Rhe1 Bxc3 13. Qxc3 Qxc3 14. bxc3 O-O
15. h3 Nh5 16. Be7 Rfe8 17. Bd6 Nhf6 18. Bh2 Nb6 19. g4 Na4 20. Kd2 Nb2 21. Rb1
Nxd3 22. cxd3 b6 23. Ne5 Rac8 24. h4 h5 25. gxh5 Bxh5 26. Rg1 Re7 27. Rg5 g6 28.
Rbg1 Nd7 29. Rxh5 Nxe5 30. Bxe5 {Black resigns} 1-0

[Event "Team 45 45 League T49"]
[Site "Internet Chess Club"]
[Date "2011.05.31"]
[Round "3"]
[White "milesotoole"]
[Black "kidcobra"]
[Result "1-0"]
[WhiteElo "1514"]
[BlackElo "1637"]
[Opening "French: Tarrasch, open variation, main line"]
[ECO "C09"]
[Time "15:13:17"]
[TimeControl "2700+45"]

1. e4 e6 2. d4 d5 3. Nd2 c5 4. Ngf3 Nc6 5. exd5 exd5 6. Bb5 Bd7 7. O-O cxd4 8.
Re1+ Be7 9. Nb3 Nf6 10. Nbxd4 Nxd4 11. Bxd7+ Qxd7 12. Qxd4 h6 13. Qe5 Kd8 14.
Qg3 Nh5 15. Qe5 Nf6 16. Be3 Re8 17. Qd4 Qg4 18. Qd3 Qg6 19. Qd2 Bd6 20. Rad1 Rc8
21. c3 Bc5 22. Bxc5 Rxe1+ 23. Rxe1 Rxc5 24. Ne5 Qh5 25. Qd4 b6 26. b4 Rc7 27. b5
Kc8 28. Nc6 Qf5 29. Qb4 Nd7 30. Ne7+ Kb7 31. Nxf5 Nc5 32. Re7 Rxe7 33. Nxe7 Nd3
34. Qd4 Nf4 35. Qxf4 a6 36. bxa6+ Kxa6 37. Nc6 Kb5 38. Ne5 Kc5 39. Nxf7 d4 40.
Qd6+ Kb5 41. Qxd4 Ka6 42. Qb4 Kb7 43. Ne5 g6 44. Nxg6 h5 45. Ne5 h4 46. h3 Ka8
47. Qe7 b5 48. Ng4 Kb8 49. Kf1 Kc8 50. Ke2 Kb8 51. Ke3 Kc8 52. Kd4 Kb8 53. Kc5
Ka8 54. Kb6 b4 55. Qb7# {Black checkmated} 1-0

[Event "Team 45 45 League T49"]
[Site "Internet Chess Club"]
[Date "2011.05.27"]
[Round "3"]
[White "tourettes"]
[Black "bayoumicardio10"]
[Result "0-1"]
[WhiteElo "1453"]
[BlackElo "1673"]
[Opening "Pirc: classical (two knights) system"]
[ECO "B08"]
[Time "14:30:46"]
[TimeControl "2700+45"]

1. e4 d6 2. d4 Nf6 3. Nc3 g6 4. Nf3 Bg7 5. Bc4 Nc6 6. h3 a6 7. a3 b5 8. Bd3 Bb7
9. O-O O-O 10. Be3 Na5 11. b3 Rc8 12. Qd2 c5 13. Nxb5 axb5 14. Bxb5 cxd4 15.
Bxd4 Bxe4 16. Ng5 Rxc2 17. Qe3 Bf5 18. g4 Bxg4 19. Qd3 Bf5 20. Qf3 h6 21. Bxf6
Bxf6 22. Ne4 Bxa1 23. Rxa1 Bxe4 24. Qxe4 Qc7 25. Kh1 Rxf2 26. Rg1 Qb7 {White
resigns} 0-1